 Dungeon Crawl Stone Soup version 0.31.0-10-gcf4a605ca0 (webtiles) character file.

Game seed: 14900717604920068079

5 LeprechaunX the Caller (level 1, -2/14 HPs)
             Began as a Ghoul Summoner on Jan 25, 2024.
             Slain by a hobgoblin (4 damage)
             ... on level 1 of the Dungeon.
             The game lasted 00:00:34 (257 turns).

LeprechaunX the Caller (Ghoul Summoner)              Turns: 257, Time: 00:00:35

Health: -2/14      AC:  2    Str: 11    XL:     1   Next: 80%
Magic:  1/3        EV: 12    Int: 14    God:
Gold:   7          SH:  0    Dex:  9    Spells: 2/3 levels left

rFire   . . .        (no weapon)
rCold   + . .        (no shield)
rNeg    + + +        a - +0 robe
rPois   ∞            (no helmet)
rElec   .            (no cloak)
rCorr   .            (no gloves)
SInv    .            (no boots)
Will    .....        (no amulet)
Stlth   ++           (no ring)
HPRegen 0.00/turn    (no ring)
MPRegen 0.08/turn

%: no passive effects
@: inhibited regen
A: claws 1, cold resistance 1, negative energy resistance 3, inhibited
regeneration, torment resistance 2, devour on kill
a: no special abilities


You were on level 1 of the Dungeon.
You visited 1 branch of the dungeon, and saw 2 of its levels.

You collected 7 gold pieces.

Inventory:

Armour
 a - a +0 robe (worn)
Scrolls
 c - a scroll of vulnerability {unknown}
Potions
 b - a potion of magic
 d - 2 potions of mutation {unknown}


   Skills:
 + Level 1.9 Dodging
 + Level 2.3 Stealth
 + Level 1.9 Spellcasting
 + Level 3.7 Summonings


You had 2 spell levels left.
You knew the following spells:

 Your Spells              Type           Power      Damage    Failure   Level
a - Summon Small Mammal   Summ           44%        N/A       5%          1

Your spell library contained the following spells:

 Spells                   Type           Power      Damage    Failure   Level
 Call Imp                 Summ           22%        N/A       8%          2
 Call Canine Familiar     Summ           11%        N/A       16%         3
 Summon Blazeheart Golem  Fire/Summ      6%         N/A       75%         4
 Summon Lightning Spire   Summ/Air       6%         N/A       75%         4


Dungeon Overview and Level Annotations

Branches:
Dungeon (2/15)

Altars:


Innate Abilities, Weirdness & Mutations

You are immune to poison.
You have sharp fingernails.
Your flesh is cold resistant. (rC+)
You are immune to negative energy. (rN+++)
You do not regenerate when monsters are visible.
You are immune to unholy pain and torment.
You thrive by killing the living.


Message History

Your rat barely misses the hobgoblin.
You barely miss the hobgoblin.
Your bat hits the hobgoblin but does no damage.
The hobgoblin hits you.
Your rat closely misses the hobgoblin.
You barely miss the hobgoblin. The hobgoblin hits you.
Your rat bites the hobgoblin but does no damage.
Your bat hits the hobgoblin but does no damage.
You barely miss the hobgoblin. Your bat hits the hobgoblin.
The hobgoblin barely misses you.
Your rat bites the hobgoblin but does no damage.
You closely miss the hobgoblin.
The hobgoblin is lightly wounded.
The hobgoblin hits you.
Your bat hits the hobgoblin.
Your rat closely misses the hobgoblin.
You are too injured to fight recklessly!
You are too injured to fight recklessly!
You are too injured to fight recklessly!
You are too injured to fight recklessly!
You are too injured to fight recklessly!
You scratch the hobgoblin but do no damage.
The hobgoblin is moderately wounded.
Your bat completely misses the hobgoblin.
The hobgoblin hits you.
* * * LOW HITPOINT WARNING * * *
Your rat bites the hobgoblin but does no damage.
You closely miss the hobgoblin.
The hobgoblin is moderately wounded.
The hobgoblin closely misses you.
Your bat hits the hobgoblin but does no damage.
Your rat barely misses the hobgoblin.
You scratch the hobgoblin but do no damage.
The hobgoblin is moderately wounded.
Your bat hits the hobgoblin. The hobgoblin hits your bat.
Your rat bites the hobgoblin but does no damage.
You strike the helpless hobgoblin from behind!
You scratch the hobgoblin.
The hobgoblin is severely wounded.
Your bat closely misses the hobgoblin.
Your bat barely misses the hobgoblin.
The hobgoblin hits you.
You die...

..........
=........#
.........#
#.......#
#.......# .br...
#g#.# ####
#######@.###....
..........#.....
########....#
#....# #....#
#############....#
#................#
#####
#.###########....#
#...( #.# #...#
#..#.# #.###


You could see a hobgoblin (ally target), a friendly bat (summoned) and a
friendly rat (summoned).

Vanquished Creatures
  A bat (D:1)
  A frilled lizard (D:1)
  A rat (D:1)
3 creatures vanquished.

Vanquished Creatures (collateral kills)
  A goblin (D:1)
  A quokka (D:1)
2 creatures vanquished.

Grand Total: 5 creatures vanquished

Notes
Turn   | Place    | Note
-------+----------+-------------------------------------------
     0 | D:1      | LeprechaunX the Ghoul Summoner began the quest for the Orb.
     0 | D:1      | Reached XP level 1. HP: 14/14 MP: 3/3
    89 | D:1      | You fall into a shaft and drop 1 floor!
   257 | D:1      | Slain by a hobgoblin

Illustrated notes

Levels and vault maps discovered:
D:1:      dpeg_arrival_simpleton_b, layout_loops_ring,
          chequers_ecumenical_altar_simple
D:2:      layout_rooms, uniq_sigmund, uniq_crazy_yiuf_cottage

Action                     || total
---------------------------++-------
  Melee: Unarmed           ||    19
   Cast: Summon Small Mamm ||     6
   Stab: Distracted        ||     1
 Armour: Robe              ||    14
  Dodge: Dodged            ||    18
